Map: Ruins of Seras

Players

ScarletEagle - Winner!

  • Race: Terran Terran
  • League: Diamond

absolution

  • Race: Protoss Protoss
  • League: Diamond

VOD

Have the link to the VOD?

Description

Time

  • Played on: Feb. 25, 2016, 5:03 p.m.
  • Length: 17:20
Show
View Real Time Build Order
Export as new Build Order

ScarletEagle Terran - Winner!

Build Orders: Command Center First (CC), MMM Bio 

Get SALT Encoding   

  12  0:00  SCV  
  13  0:13  SCV  
  14  0:18  Supply Depot  
  14  0:25  SCV  
  15  0:39  SCV  
  16  0:52  SCV  
  17  1:04  Command Center  
  17  1:08  SCV  
  18  1:19  Barracks  
  18  1:25  Refinery  
  18  1:31  SCV  
  19  1:43  SCV  
  20  1:55  SCV  
  21  2:07  Orbital Command  
  21  2:08  Supply Depot  
  21  2:09  Barracks Reactor  
  21  2:16  Orbital Command  
  21  2:31  Refinery  
  21  2:37  Bunker  
  21  2:41  Barracks  
  21  2:42  SCV  
  21  2:46  SCV  
  22  2:55  Factory  
  22  2:59  Marine x2  
  24  3:06  SCV  
  24  3:07  SCV  
  26  3:16  Marine  
  26  3:17  Marine  
  26  3:18  SCV  
  26  3:19  SCV  
  30  3:31  SCV  
  30  3:41  Marine  
  30  3:42  Barracks Tech Lab, Marine  
  30  3:54  SCV  
  30  3:57  Factory Tech Lab  
  30  4:00  Starport  
  30  4:02  Engineering Bay  
  30  4:05  SCV  
  30  4:06  SCV  
  32  4:14  Stimpack  
  32  4:17  SCV  
  32  4:18  SCV  
  32  4:19  Marine x2  
  33  4:29  Marine  
  29  4:34  Missile Turret  
  29  4:36  Marine  
  29  4:37  Missile Turret  
  29  4:38  Marine  
  24  4:47  Marine  
  24  4:50  SCV x2  
  27  4:54  Marine  
  28  5:02  SCV x2  
  30  5:14  Marine  
  30  5:15  Marauder, Marine  
  30  5:16  Siege Tank  
  30  5:18  Starport Reactor  
  37  5:21  Supply Depot  
  37  5:23  SCV  
  37  5:24  SCV  
  39  5:32  Marine  
  39  5:33  Marine  
  39  5:35  SCV  
  42  5:36  SCV  
  42  5:37  Marauder  
  45  5:44  Supply Depot  
  45  5:47  SCV  
  45  5:48  SCV  
  47  5:58  Command Center  
  46  6:24  Marine x2, Combat Shields  
  46  6:25  Marauder  
  50  6:29  Medivac x2  
  54  6:36  SCV x2  
  54  6:37  Supply Depot  
  56  6:40  Supply Depot  
  56  6:45  Refinery  
  56  6:46  Marine x2  
  56  6:47  Refinery  
  58  6:48  SCV x2  
  60  6:59  Supply Depot  
  60  7:02  SCV, Supply Depot  
  60  7:04  SCV  
  62  7:10  Barracks  
  62  7:14  SCV  
  62  7:15  Marine  
  64  7:16  SCV  
  64  7:21  Orbital Command  
  65  7:26  SCV  
  65  7:28  SCV  
  67  7:38  Supply Depot  
  67  7:39  Barracks  
  67  7:40  SCV, Medivac  
  67  7:41  Orbital Command  
  70  7:48  Marauder, Marine x2  
  70  7:50  Terran Infantry Weapons Level 1  
  74  8:00  Barracks Reactor  
  74  8:02  Barracks  
  74  8:04  Siege Tank  
  77  8:07  SCV  
  77  8:08  SCV  
  77  8:10  SCV  
  80  8:18  Marine x2  
  80  8:19  SCV  
  83  8:21  SCV  
  83  8:23  SCV  
  83  8:25  Marauder  
  88  8:27  Barracks Reactor  
  88  8:31  SCV  
  88  8:33  SCV  
  89  8:35  SCV  
  89  8:36  Marine  
  90  8:52  Marine  
  90  8:53  Marauder, Marine x3  
  90  8:54  Marine  
  96  8:59  Siege Tank  
  94  9:35  Barracks Tech Lab  
  94  9:39  Supply Depot  
  94  9:42  Supply Depot x2  
  94  9:46  Marine  
  94  9:47  SCV, Marine  
  94  9:49  SCV, Marine x2  
  94  9:50  Marine  
  94  9:51  SCV  
  94  9:52  Marine  
  93  9:56  Marauder  
  90  10:01  SCV  
  90  10:03  SCV  
  91  10:08  Concussive Shells  
  91  10:10  Terran Infantry Armor Level 1  
  91  10:13  Starport Reactor  
  91  10:14  Siege Tank, Engineering Bay  
  91  10:15  Marine  
  91  10:16  Marauder, Marine x6  
  91  10:17  Supply Depot  
  91  10:18  SCV  
  91  10:20  Starport, SCV  
  105  10:24  Refinery  
  105  10:25  Refinery  
  105  10:30  SCV  
  105  10:32  SCV  
  105  10:33  Marine x3  
  105  10:34  Marine  
  105  10:35  Marauder  
  113  10:36  Barracks  
  113  10:42  SCV  
  102  10:53  Marauder, Marine x6  
  102  10:54  SCV  
  102  10:56  Marine  
  111  10:58  Barracks, Starport Reactor  
  111  10:59  Barracks  
  111  11:02  Supply Depot  
  111  11:04  Liberator  
  111  11:07  Liberator  
  111  11:10  Marine  
  111  11:11  Marine x5  
  113  11:14  Marauder, Marine  
  120  11:23  Armory  
  126  11:27  Supply Depot  
  126  11:28  Supply Depot, Marine  
  126  11:29  Marine x2  
  126  11:31  Supply Depot  
  126  11:32  Marauder  
  131  11:33  Barracks Reactor  
  131  11:34  Barracks  
  131  11:36  Marauder  
  133  11:48  Medivac x2, Marine x4  
  133  11:49  Siege Tank, Marine x2  
  133  11:53  Marine  
  147  11:54  Supply Depot  
  135  12:10  Supply Depot  
  113  12:22  Marauder, Marine x2  
  106  12:23  Marine x5, Marauder  
  99  12:32  Marine  
  99  12:33  Barracks Reactor  
  99  12:34  Barracks Tech Lab, Barracks Reactor  
  99  12:35  Medivac x2  
  99  12:37  Medivac x2  
  106  12:39  Siege Tank  
  106  12:44  Marauder  
  113  12:46  SCV  
  113  12:49  Marine x2  
  113  12:50  Marauder, Marine x4  
  122  12:54  Factory  
  122  12:55  Terran Infantry Weapons Level 2  
  122  12:58  SCV  
  123  12:59  Terran Infantry Armor Level 2  
  123  13:04  Marauder, Marine x2  
  127  13:07  Medivac  
  129  13:14  Marine  
  129  13:15  Marine  
  131  13:20  Marine x3  
  131  13:21  Marine, Marauder  
  131  13:23  Marine  
  131  13:25  Command Center  
  138  13:31  Marine  
  138  13:32  Marauder, Marine x5  
  146  13:38  Siege Tank  
  146  13:41  Factory Tech Lab  
  149  13:43  Marine  
  149  13:44  Marine x4  
  149  13:45  Marauder x2  
  158  13:53  Marauder, Marine x4  
  158  13:54  Marine x3  
  167  14:01  Marine x2  
  149  14:20  Command Center  
  149  14:25  Marauder, Marine x2  
  149  14:26  Marine x3  
  149  14:28  Marauder x2, Marine x7  
  167  14:33  SCV  
  167  14:36  Orbital Command  
  168  14:43  Marine x2  
  171  14:45  SCV  
  153  15:10  Marauder x2, Marine x4  
  153  15:11  Marine x8  
  153  15:12  SCV, Marine  
  157  15:25  SCV  
  157  15:28  Marine x4  
  159  15:30  Marauder, Refinery  
  159  15:32  Marauder  
  141  15:46  Marauder, Marine x4  
  141  15:47  Marine x5  
  141  15:49  Marine  
  153  15:50  Marine x2  
  153  15:51  Marine  
  153  15:52  Marine  
  153  15:53  Orbital Command  
  157  16:04  Marine  
  149  16:12  Marauder, Marine x4  
  149  16:13  Marine x6  
  149  16:14  Marauder  
  163  16:24  Marauder, Marine x2  
  167  16:30  Marine x4  
  167  16:52  Marauder x2, Marine x3  
  167  16:53  Marine x4  
Show
View Real Time Build Order
Export as new Build Order

absolution Protoss 

Build Orders: Oracle Opening 

Get SALT Encoding   

  12  0:01  Probe (Chrono Boost)  
  13  0:12  Probe (Chrono Boost)  
  14  0:22  Pylon, Probe (Chrono Boost)  
  15  0:40  Gateway, Probe (Chrono Boost)  
  16  0:44  Assimilator  
  16  0:50  Probe (Chrono Boost)  
  17  1:01  Probe (Chrono Boost)  
  18  1:09  Assimilator  
  18  1:11  Gateway  
  18  1:13  Probe (Chrono Boost)  
  19  1:27  Cybernetics Core  
  19  1:29  Probe (Chrono Boost)  
  20  1:39  Pylon, Probe (Chrono Boost)  
  21  1:50  Probe (Chrono Boost)  
  22  2:00  Probe (Chrono Boost)  
  23  2:04  Adept  
  23  2:05  Adept  
  27  2:11  Probe (Chrono Boost)  
  28  2:25  Probe (Chrono Boost)  
  28  2:29  Stargate  
  29  2:36  Probe (Chrono Boost)  
  30  2:39  Warp Gate  
  30  2:42  Pylon  
  30  2:53  Pylon  
  30  3:13  Oracle (Chrono Boost)  
  33  3:22  Nexus  
  33  3:53  Probe  
  30  3:57  Stalker x2  
  30  4:00  Robotics Facility  
  34  4:06  Probe  
  35  4:18  Mothership Core  
  37  4:39  Probe  
  37  4:40  Probe  
  39  4:49  Observer  
  39  4:51  Probe x2  
  42  4:58  Gateway  
  42  4:59  Gateway  
  42  5:01  Gateway  
  42  5:02  Gateway  
  42  5:03  Probe  
  42  5:05  Twilight Council  
  43  5:08  Pylon  
  43  5:12  Probe  
  44  5:16  Stalker x2  
  44  5:19  Observer  
  49  5:21  Probe  
  49  5:26  Pylon  
  49  5:27  Probe  
  51  5:40  Robotics Bay  
  51  5:42  Assimilator, Probe  
  52  5:46  Blink (Chrono Boost)  
  52  5:53  Stalker  
  54  6:08  Probe  
  54  6:10  Probe  
  53  6:16  Stalker x2  
  57  6:19  Probe  
  57  6:20  Assimilator  
  57  6:22  Probe  
  59  6:31  Nexus, Disruptor  
  62  6:36  Pylon  
  62  6:42  Pylon  
  62  6:48  Stalker  
  62  6:49  Stalker  
  62  6:53  Stalker  
  68  6:59  Probe x2  
  70  7:08  Observer Gravitic Boosters  
  70  7:12  Probe  
  71  7:15  Probe  
  72  7:26  Probe  
  72  7:28  Probe  
  74  7:34  Disruptor  
  77  7:37  Robotics Facility  
  77  7:40  Pylon  
  77  7:46  Oracle  
  77  7:49  Forge  
  80  7:51  Forge  
  80  7:52  Probe x2  
  80  7:53  Pylon  
  80  7:54  Probe  
  83  8:08  Stalker  
  83  8:09  Stalker x4  
  93  8:23  Protoss Ground Weapons Level 1 (Chrono Boost)  
  93  8:24  Protoss Ground Armor Level 1 (Chrono Boost)  
  93  8:33  Probe  
  94  8:35  Zealot  
  94  8:36  Zealot x5  
  95  9:17  Probe x2  
  95  9:18  Probe  
  95  9:22  Zealot  
  95  9:23  Zealot x5  
  108  9:27  Probe  
  108  9:28  Assimilator  
  108  9:30  Assimilator, Probe x2  
  111  9:31  Pylon  
  111  9:34  Pylon  
  111  9:42  Probe  
  96  10:13  Stalker  
  96  10:14  Stalker x5  
  102  10:15  Probe x2  
  102  10:17  Probe  
  111  10:27  Probe x2  
  111  10:28  Probe  
  110  10:43  Charge  
  102  10:53  Zealot x2  
  102  10:54  Zealot x4  
  114  11:29  Probe  
  114  11:30  Immortal x2, Probe  
  114  11:31  Probe  
  114  11:32  Extended Thermal Lance  
  125  11:40  Probe  
  125  11:43  Probe x2  
  125  11:46  Nexus  
  128  11:50  Probe  
  129  11:55  Probe  
  102  12:31  Zealot x3  
  102  12:32  Zealot x3  
  102  12:33  Immortal x2  
  122  12:56  Probe x2  
  122  12:57  Pylon  
  122  12:58  Pylon  
  124  13:04  Gateway x2  
  124  13:07  Gateway x2  
  124  13:08  Gateway  
  124  13:10  Probe x2  
  124  13:11  Protoss Ground Armor Level 2 (Chrono Boost), Protoss Ground Weapons Level 2 (Chrono Boost)  
  124  13:12  Warp Prism  
  128  13:14  Gateway  
  128  13:15  Zealot  
  128  13:16  Zealot x5  
  128  13:17  Pylon  
  140  13:53  Zealot x4  
  140  13:54  Zealot x2  
  126  14:15  Zealot  
  126  14:16  Zealot x10  
  128  14:17  Disruptor x2, Probe  
  128  14:19  Probe x2  
  126  14:36  Pylon  
  126  14:39  Stalker  
  126  14:40  Stalker x9  
  146  14:53  Disruptor x2  
  90  15:21  Zealot x2, Probe  
  90  15:22  Zealot x9  
  90  15:23  Probe x2  
  90  15:26  Templar Archives  
  99  15:43  Zealot  
  99  15:44  Zealot x10  
  111  16:17  Colossus x2  
  121  16:22  High Templar x7  
  107  16:53  Archon x2  
  107  16:54  Archon  
  105  16:55  Zealot x3  
  105  16:56  Zealot x3  
  79  17:09  High Templar  
  79  17:10  High Templar x9  
Tags
 
Add a new tag
Caveats
  • Supply blocks, unpowered buildings, or Contaminate may cause inaccurate times.
  • Supply counts are checked every 10 seconds.